 Dungeon Crawl Stone Soup version 0.31.0-32-g396128a36d (webtiles) character file.

Game seed: 10697778641491607865

198 AdnanSaban the Covered (level 5, -2/33 HPs)
             Began as a Gargoyle Fighter on Apr 15, 2024.
             Slain by a killer bee (6 damage)
             ... on level 3 of the Dungeon.
             The game lasted 00:02:41 (2826 turns).

AdnanSaban the Covered (Gargoyle Fighter)           Turns: 2826, Time: 00:02:42

Health: -2/33      AC: 13    Str: 21    XL:     5   Next: 76%
Magic:  5/5        EV:  8    Int:  9    God:
Gold:   136        SH:  4    Dex:  9    Spells: 4/4 levels left

rFire   . . .        t - +1 whip (elec)
rCold   . . .        c - +0 buckler
rNeg    + . .        k - +0 chain mail
rPois   ∞            (no helmet)
rElec   +            (no cloak)
rCorr   .            (no gloves)
SInv    .            (no boots)
Will    .....        (no amulet) Stlth
                     (no ring)
HPRegen 0.25/turn    (no ring)
MPRegen 0.09/turn

%: no passive effects
@: no status effects
A: sickness immunity, AC +4, negative energy resistance 1, electricity
resistance, torment resistance 1, petrification resistance
a: no special abilities


You were on level 3 of the Dungeon.
You visited 1 branch of the dungeon, and saw 4 of its levels.

You collected 136 gold pieces.

Inventory:

Hand Weapons
 t - a +1 whip of electrocution (weapon)
Missiles
 s - 3 poisoned darts (quivered)
Armour
 c - a +0 buckler (worn)
 k - a +0 chain mail (worn)
Wands
 q - a wand of polymorph (7)
Scrolls
 a - a scroll of torment {unknown}
 b - a scroll of silence {unknown}
 g - a scroll of fog {unknown}
 i - a scroll of vulnerability {unknown}
 j - 3 scrolls of teleportation {unknown}
 o - 3 scrolls of identify {unknown}
 p - a scroll of poison {unknown}
 r - 2 scrolls of enchant weapon {unknown}
 v - a scroll of blinking {unknown}
 w - a scroll of noise {unknown}
Potions
 d - a potion of might
 e - 2 potions of brilliance {unknown}
 f - 2 potions of curing {unknown}
 h - 2 potions of haste {unknown}
 l - a potion of mutation {unknown}
 m - 2 potions of cancellation {unknown}
 n - 2 potions of lignification {unknown}
 u - a potion of attraction {unknown}


   Skills:
 + Level 4.0 Fighting
 + Level 3.9 Maces & Flails
 + Level 4.4 Armour
 + Level 0.4 Dodging
 + Level 0.2 Stealth
 + Level 4.1 Shields


You had 4 spell levels left.
You didn't know any spells.
Your spell library was empty.

Dungeon Overview and Level Annotations

Branches:
Dungeon (4/15)
 Temple: D:4-7

Altars:


Innate Abilities, Weirdness & Mutations

You are immune to sickness and miasma.
Your stone body is resilient. (AC +4)
You are immune to poison.
You resist negative energy. (rN+)
You are resistant to electric shocks. (rElec)
You are resistant to unholy torment.
You are immune to petrification.


Message History

The killer bee attacks as it pursues you!
The killer bee barely misses you.
There is a stone staircase leading up here.
You block the killer bee's attack.
The killer bee stings you but does no damage.
The killer bee misses you.
You climb upwards.
There is a stone staircase leading down here.
You hit the killer bee.
The killer bee is moderately wounded.
The killer bee stings you but does no damage.
You block the killer bee's attack.
You barely miss the killer bee.
The killer bee is moderately wounded.
You block the killer bee's attack.
The killer bee stings you but does no damage.
You barely miss the killer bee.
The killer bee is moderately wounded.
The killer bee stings you.
* * * LOW HITPOINT WARNING * * *
You closely miss the killer bee.
The killer bee is moderately wounded.
The killer bee stings you.
* * * LOW HITPOINT WARNING * * *
You block the killer bee's attack.
You miss the killer bee.
The killer bee is moderately wounded.
The killer bee barely misses you. The killer bee closely misses you.
You barely miss the killer bee.
The killer bee is moderately wounded.
The killer bee stings you.
* * * LOW HITPOINT WARNING * * *
The killer bee stings you but does no damage.
You closely miss the killer bee.
The killer bee is moderately wounded.
You block the killer bee's attack. The killer bee barely misses you.
You barely miss the killer bee.
The killer bee is moderately wounded.
You block the killer bee's attack. The killer bee stings you.
You die...

...##.#
#......#........#..##.##
...##(#
#......#..........###.#.
...##.#
#......#.........## #.#.
...'..#
#......######..#### #.#.
...####
#.(...............# #.#.
...# ##...######...###.#
#.#. ...# #..........###
#.# #.#. ...#
#.......########.# #.#.
...# #.....@y.........#
#.#. ...#
#......########### #.#)
...# ######## #.#. ...#
#.#. #### #)#. #.#. #.#.
#.#. #.#.


You could see a killer bee.

Vanquished Creatures
  Natasha (thrice) (D:2)
  2 gnolls
  5 adders
  A ribbon worm (D:3)
  2 ball pythons (D:1)
  4 endoplasms
  2 giant cockroaches (D:1)
  10 hobgoblins
  3 jackals (D:3)
  4 kobolds
  3 quokkas (D:2)
  6 bats
  5 frilled lizards
  7 goblins
  2 rats
59 creatures vanquished.

Notes
Turn   | Place    | Note
-------+----------+-------------------------------------------
     0 | D:1      | AdnanSaban the Gargoyle Fighter began the quest for the
                  | Orb.
     0 | D:1      | Reached XP level 1. HP: 14/14 MP: 1/1
   152 | D:1      | Reached XP level 2. HP: 7/19 MP: 2/2
   766 | D:2      | Reached XP level 3. HP: 20/24 MP: 3/3
  1049 | D:2      | Noticed Natasha
  1054 | D:2      | Killed Natasha
  1055 | D:2      | Reached XP level 4. HP: 21/29 MP: 4/4
  1289 | D:2      | Noticed Natasha
  1298 | D:2      | Killed Natasha
  1577 | D:2      | Noticed Natasha
  1585 | D:2      | Killed Natasha
  1586 | D:2      | Reached XP level 5. HP: 31/33 MP: 5/5
  2826 | D:3      | Slain by a killer bee

Illustrated notes

Levels and vault maps discovered:
D:1:      lightli_arrival_windingriver, layout_rooms, minmay_misc_feat_columns
D:2:      layout_loops_ring, uniq_natasha
D:3:      layout_basic
D:4:      layout_basic, cheibrodos_worm_habitat, nicolae_overflow_hidden_temple

Skill      XL: |  1  2  3  4  5 |
---------------+----------------+-----
Maces & Flails | 3 |  3.9
Armour         | 4 |  4.4
Shields        | 4 |  4.1
Fighting       | 4 |  4.0
Dodging        | |  0.4
Stealth        | |  0.2

Action                     |  1- 3 |  4- 6 || total
---------------------------+-------+-------++-------
  Melee: Flail             |   134 |    79 ||   213
         Unarmed           |       |     4 ||     4
         Whip              |       |    38 ||    38
 Armour: Scale mail        |    61 |       ||    61
         Chain mail        |    48 |   106 ||   154
         Skin              |       |     1 ||     1
  Dodge: Dodged            |    76 |    52 ||   128
  Block: Buckler           |    24 |    28 ||    52
